 Dungeon Crawl Stone Soup version 0.29.0-4-gdea44cf6ec (webtiles) character file.

Game seed: 2210721193130987650

284 qw the Chopper (level 6, -10/47 HPs)
             Began as a Demonspawn Cinder Acolyte on Sept 9, 2022.
             Was a Priest of Ignis.
             Mangled by a hornet (12 damage)
             ... while paralysed by a hornet
             ... on level 4 of the Dungeon.
             The game lasted 00:01:45 (5400 turns).

qw the Chopper (Demonspawn Cinder Acolyte)          Turns: 5400, Time: 00:01:45

Health: -10/47     AC: 17    Str: 17    XL:     6   Next: 7%
Magic:  7/7        EV:  2    Int: 15    God:    Ignis [***...]
Gold:   64         SH:  0    Dex:  8    Spells: 7/7 levels left

rFire   + . .      SeeInvis .   j - +0 war axe
rCold   . . .      Faith    .   (no shield)
rNeg    . . .      Spirit   .   a - +0 plate armour
rPois   .          Reflect  .   (helmet restricted)
rElec   .          Harm     .   (no cloak)
rCorr   .          Rampage  .   (no gloves)
Will    .....                   (no boots)
Stlth   ..........              (no amulet)
HPRegen 0.15/turn               (no ring)
MPRegen 0.10/turn               (no ring)

@: paralysed, lethally poisoned (-10 -> -27), fiery-armoured, slowed
A: hooves 1, horns 1, demonic magic 1, demonic touch 1
a: Renounce Religion, Fiery Armour, Foxfire Swarm, Rising Flame


You were on level 4 of the Dungeon.
You worshipped Ignis.
Ignis was most pleased with you.
You visited 1 branch of the dungeon, and saw 4 of its levels.

You collected 64 gold pieces.


Innate Abilities, Weirdness & Mutations

You have large cloven feet.
You have a pair of small horns on your head.
Spells you cast may paralyse adjacent enemies.
Your touch may inflict minor irresistible damage on your foes.


   Skills:
 - Level 3.0 Fighting
 + Level 5.8 Axes
 - Level 2.0 Armour
 - Level 1.0 Spellcasting
 - Level 2.6 Fire Magic


You had 7 spell levels left.
You didn't know any spells.
Your spell library contained the following spells:

 Spells                   Type           Power      Damage    Failure   Level
 Scorch                   Fire           16%        2d6       100%        2

Inventory:

Hand Weapons
 i - a +0 whip
 j - a +0 war axe (weapon)
Armour
 a - a +0 plate armour (worn)
 f - +0 fire dragon scales
Scrolls
 k - a scroll of identify
Potions
 b - a potion of might {unknown}
 c - 2 potions of curing
 d - a potion of magic {unknown}
 e - a potion of cancellation
 g - a potion of degeneration {unknown}
 h - a potion of heal wounds
 l - a potion of mutation {unknown}
 m - a potion of brilliance {unknown}

Dungeon Overview and Level Annotations

Branches:
Dungeon (4/15)
 Temple: D:4-7

Altars:


Message History

The hornet stings you!
You are more poisoned.
You feel as though you will be slow longer.
The hornet stings you.
You feel as though you will be slow longer.
5397 ||| INVOKING Fiery Armour.
A protective cloak of flame settles atop you.
You feel very sick.
The hornet stings you but does no damage.
The hornet is burned by your cloak of flames.
The hornet is lightly wounded.
The hornet barely misses you. The hornet stings you!
You are more poisoned.
You feel as though you will be slow longer.
The hornet is burned by your cloak of flames.
The hornet is moderately wounded.
5398 ||| DRINKING 2 potions of heal wounds.
You feel much better.
You feel extremely sick. The hornet barely misses you.
The hornet stings you but does no damage.
The hornet is burned by your cloak of flames.
The hornet is moderately wounded.
You hit the hornet but do no damage. Your touch misses the hornet.
The hornet is moderately wounded.
You feel extremely sick.
The hornet stings you but does no damage.
The hornet is burned by your cloak of flames.
The hornet is moderately wounded.
The hornet stings you.
You are more poisoned.
You suddenly lose the ability to move!
The hornet is burned by your cloak of flames.
The hornet is moderately wounded.
The hornet stings you but does no damage.
The hornet is burned by your cloak of flames.
The hornet is heavily wounded.
You feel very sick. The hornet stings you!
You die...

..# #....# #.......#.#
#.# ..#
#.88.#########.##.# #.#
..####.88.##....###....#
#.#
.....'....#.####..######
#.# .########)#.####..#
#.# .# #..#.##..###
#.##### .# ##).#.##.)###
#...... .# #.####.###..#
####### .# #.# #%###@.#
.# #.# #)#[y### .#
#.####.#)$# .#
##..?.##### .# ######


You could see a hornet.

Vanquished Creatures
  A scorpion (D:3)
  3 iguanas
  5 adders
  A dart slug (D:1)
  6 orcs
  6 endoplasms
  11 goblins
  10 hobgoblins
  8 jackals
  9 kobolds
  3 quokkas
  4 ball pythons
  11 bats
  7 frilled lizards
  7 rats
92 creatures vanquished.

Vanquished Creatures (others)
  3 plants (D:1)
3 creatures vanquished.

Grand Total: 95 creatures vanquished

Notes
Turn   | Place    | Note
-------+----------+-------------------------------------------
     0 | D:1      | qw the Demonspawn Cinder Acolyte began the quest for the
                  | Orb.
     0 | D:1      | Reached XP level 1. HP: 18/18 MP: 2/2
     0 | D:1      | 0 ||| qw: Version: 0.1-a-113-g051387a
     0 | D:1      | 0 ||| qw: Game counter: 6896
     0 | D:1      | 0 ||| qw: Always use a shield: true
     0 | D:1      | 0 ||| qw: God list: Okawaru
     0 | D:1      | 0 ||| qw: Allow faded altars: false
     0 | D:1      | 0 ||| qw: Do Orc after D:15 true
     0 | D:1      | 0 ||| qw: Do second Lair branch before Depths: true
     0 | D:1      | 0 ||| qw: Lair rune preference: random
     0 | D:1      | 0 ||| qw: Plans: Normal
     0 | D:1      | 0 ||| PLANNING D:1-11
   194 | D:1      | Reached skill level 3 in Axes
   338 | D:1      | Gained mutation: Spells you cast may paralyse adjacent
                  | enemies. [demonic ancestry]
   338 | D:1      | Reached XP level 2. HP: 22/24 MP: 3/3
   696 | D:1      | 696 ||| Stepping ~*~*~tactically~*~*~ (hiding).
   798 | D:1      | 798 ||| Stepping ~*~*~tactically~*~*~ (stealth).
   800 | D:1      | 800 ||| Stepping ~*~*~tactically~*~*~ (hiding).
   975 | D:1      | 975 ||| INVOKING Fiery Armour.
   978 | D:1      | 978 ||| Stepping ~*~*~tactically~*~*~ (stealth).
   987 | D:1      | Reached XP level 3. HP: 25/29 MP: 4/4
  1312 | D:1      | 1312 ||| UPGRADING to +0 fire dragon scales.
  1322 | D:1      | 1322 ||| DROPPING +0 robe.
  1323 | D:1      | 1323 ||| DRINKING 2 murky clear potions.
  1382 | D:2      | 1382 ||| STAIRDANCE
  1720 | D:2      | Reached skill level 1 in Armour
  1811 | D:2      | Reached skill level 4 in Axes
  1855 | D:2      | 1855 ||| READING scroll labelled ZIEBRE CUGATE.
  1856 | D:2      | 1856 ||| READING scroll labelled MUIREOCALU.
  1857 | D:2      | 1857 ||| READING 3 scrolls labelled ZEORAO IHEFI.
  1858 | D:2      | 1858 ||| DROPPING 2 scrolls of fog.
  1859 | D:2      | 1859 ||| Stepping randomly (stuck).
  1860 | D:2      | 1860 ||| FLEEEEING.
  1865 | D:2      | 1865 ||| INVOKING Fiery Armour.
  1904 | D:2      | 1904 ||| FLEEEEING.
  2176 | D:2      | 2176 ||| INVOKING Fiery Armour.
  2178 | D:2      | Discovered your monstrous ancestry.
  2178 | D:2      | Gained mutation: You have a pair of small horns on your
                  | head. [demonic ancestry]
  2178 | D:2      | Reached XP level 4. HP: 12/35 MP: 5/5
  2527 | D:2      | 2527 ||| FLEEEEING.
  2528 | D:2      | 2528 ||| FLEEEEING.
  2986 | D:2      | 2986 ||| UPGRADING to +0 plate armour.
  2996 | D:2      | 2996 ||| READING scroll labelled HEOTOO HURGH.
  2997 | D:2      | 2997 ||| READING scroll labelled GUVVEU VAYTE.
  2998 | D:2      | 2998 ||| READING scroll labelled MOLEGIXZATZ.
  3002 | D:2      | 3002 ||| READING scroll labelled KADDIENOEP.
  3036 | D:3      | 3036 ||| Stepping ~*~*~tactically~*~*~ (stealth).
  3125 | D:3      | 3125 ||| INVOKING Fiery Armour.
  3127 | D:3      | 3127 ||| FLEEEEING.
  3128 | D:3      | 3128 ||| FLEEEEING.
  3129 | D:3      | 3129 ||| FLEEEEING.
  3130 | D:3      | 3130 ||| FLEEEEING.
  3131 | D:3      | 3131 ||| FLEEEEING.
  3132 | D:3      | 3132 ||| FLEEEEING.
  3133 | D:3      | 3133 ||| FLEEEEING.
  3134 | D:3      | 3134 ||| FLEEEEING.
  3135 | D:3      | 3135 ||| FLEEEEING.
  3136 | D:3      | 3136 ||| FLEEEEING.
  3137 | D:3      | 3137 ||| FLEEEEING.
  3138 | D:3      | 3138 ||| FLEEEEING.
  3139 | D:3      | 3139 ||| FLEEEEING.
  3140 | D:3      | 3140 ||| FLEEEEING.
  3141 | D:3      | 3141 ||| FLEEEEING.
  3142 | D:3      | 3142 ||| FLEEEEING.
  3143 | D:3      | 3143 ||| FLEEEEING.
  3144 | D:3      | 3144 ||| FLEEEEING.
  3145 | D:3      | 3145 ||| FLEEEEING.
  3146 | D:3      | 3146 ||| FLEEEEING.
  3147 | D:3      | 3147 ||| FLEEEEING.
  3148 | D:3      | 3148 ||| STAIRDANCE
  3327 | D:2      | 3327 ||| DRINKING 2 murky purple potions.
  3464 | D:3      | Noticed a scorpion
  3483 | D:3      | 3483 ||| INVOKING Fiery Armour.
  3484 | D:3      | HP: 7/35 [poisoned by a scorpion]
  3485 | D:3      | 3485 ||| READING scroll of teleportation.
  3486 | D:3      | Killed a scorpion
  3487 | D:3      | Reached skill level 5 in Axes
  3487 | D:3      | Gained mutation: Your touch may inflict minor irresistible
                  | damage on your foes. [demonic ancestry]
  3487 | D:3      | Reached XP level 5. HP: 6/41 MP: 6/6
  3489 | D:3      | HP: 4/41 [poisoned by a scorpion]
  4530 | D:3      | 4530 ||| READING scroll labelled RISTROUK ZUEHO.
  4584 | D:3      | 4584 ||| READING scroll labelled NANETEGELA.
  4795 | D:4      | 4795 ||| INVOKING Fiery Armour.
  5012 | D:4      | 5012 ||| SWAPPING to +0 war axe.
  5014 | D:4      | 5014 ||| DROPPING -1 hand axe of freezing.
  5359 | D:4      | Noticed a hornet
  5368 | D:4      | 5368 ||| DRINKING 3 cyan potions.
  5378 | D:4      | Gained mutation: You have large cloven feet. [demonic
                  | ancestry]
  5378 | D:4      | Reached XP level 6. HP: 47/47 MP: 7/7
  5378 | D:4      | 5378 ||| Stepping randomly (stuck).
  5379 | D:4      | 5379 ||| Stepping randomly (stuck).
  5397 | D:4      | 5397 ||| INVOKING Fiery Armour.
  5397 | D:4      | HP: 4/47 [hornet (11)]
  5398 | D:4      | 5398 ||| DRINKING 2 potions of heal wounds.
  5399 | D:4      | Paralysed by a hornet for 2 turns
  5400 | D:4      | Mangled by a hornet

Levels and vault maps discovered:
D:1:      nicolae_arrival_washed_ashore, layout_basic, serial_bayou_pond_b,
          skrybe_limestone_x, st_stairs_12
D:2:      layout_loops_ring, solitary_fountain, chequers_serial_rivers_micro_b,
          minivault_11, nicolae_kite_square_tiling_tiny,
          hangedman_decor_diamond_cutter
D:3:      layout_basic
D:4:      minmay_chambers_of_fours, layout_basic, uniq_pikel

Skill      XL: |  1  2  3  4  5 |
---------------+----------------+-----
Axes           | 3 4 5 |  5.8
Armour         | 1 2 |  2.0
Fighting       | |  3.0
Spellcasting   | |  1.0
Fire Magic     | |  2.6

Action                   |  1- 3 |  4- 6 || total
-------------------------+-------+-------++-------
Melee: Hand axe          |   158 |   114 ||   272
       Punch             |     2 |       ||     2
       Headbutt          |       |    22 ||    22
       War axe           |       |    44 ||    44
       Touch             |       |     5 ||     5
       Kick              |       |     1 ||     1
Invok: Fiery Armour      |     3 |     4 ||     7
  Use: Scroll            |     3 |     7 ||    10
       Potion            |     1 |     3 ||     4
Armor: Robe              |    22 |       ||    22
       Fire dragon scale |    40 |    12 ||    52
       Plate armour      |       |    87 ||    87
Dodge: Dodged            |   105 |    33 ||   138

Table legend:
 A = Non-vault XP
 B = Vault XP
 C = Vault XP percentage of total XP
 D = Non-vault monster count
 E = Vault monster count
 F = Vault count percentage of total count
                 A         B        C        D         E       F
            +---------+---------+-------+---------+---------+-------
      Total |     359 |      47 |  11.6 |      84 |       8 |   8.7
            +---------+---------+-------+---------+---------+-------
        D:1 |      44 |       5 |  10.2 |      26 |       3 |  10.3
        D:2 |      73 |       0 |   0.0 |      24 |       0 |   0.0
        D:3 |     155 |       0 |   0.0 |      21 |       0 |   0.0
        D:4 |      87 |      42 |  32.6 |      13 |       5 |  27.8
            +---------+---------+-------+---------+---------+-------
